 Dungeon Crawl Stone Soup version 0.30-a0-292-g0f741e3f8e (webtiles) character file.

Game seed: 9743774713843311076

740 themarg the Fighter (level 7, -1/72 HPs)
             Began as a Hill Orc Monk on Oct 17, 2022.
             Slain by an orc
             ... wielding a +2 vorpal glaive
              (2 damage)
             ... on level 4 of the Dungeon.
             The game lasted 00:10:54 (2977 turns).

themarg the Fighter (Hill Orc Monk)                 Turns: 2977, Time: 00:10:54

Health: -1/72      AC: 11    Str: 16    XL:     7   Next: 75%
Magic:  7/7        EV:  7    Int: 10    God:
Gold:   253        SH:  0    Dex: 13    Spells: 6/6 levels left

rFire   . . .      SeeInvis .    t - +0 morningstar
rCold   . . .      Faith    .    (no shield)
rNeg    + . .      Spirit   .    u - +0 chain mail
rPois   .          Reflect  .    (no helmet)
rElec   .          Harm     .    (no cloak)
rCorr   .          Rampage  .    o - +2 pair of gloves
Will    .....                    (no boots)
Stlth   ..........               z - amulet of regeneration
HPRegen 1.12/turn                j - ring of positive energy
MPRegen 0.10/turn                (no ring)

@: lethally poisoned (-1 -> -1)
A: no striking features
a: no special abilities


You were on level 4 of the Dungeon.
You visited 1 branch of the dungeon, and saw 4 of its levels.

You collected 253 gold pieces.

Inventory:

Hand Weapons
 a - a +0 mace
 t - a +0 morningstar (weapon)
Missiles
 e - 2 boomerangs (quivered)
 f - 50 stones
 h - 6 atropa-tipped darts
 A - 4 poisoned darts
 E - 2 javelins
Armour
 o - a +2 pair of gloves (worn)
 p - the +4 ring mail of Divine Intervention {rElec}
   (You took it off a kobold on level 2 of the Dungeon)

   rElec:     It insulates you from electricity.
 u - a +0 chain mail (worn)
Jewellery
 j - a ring of positive energy (left hand)
 m - a ring of flight
 y - an amulet of the acrobat
 z - an amulet of regeneration (around neck)
 G - a ring of wizardry
Wands
 q - a wand of digging (4)
 x - a wand of flame (21)
Scrolls
 i - a scroll of enchant weapon {unknown}
 k - 2 scrolls of teleportation
 r - 3 scrolls of immolation
 s - a scroll of amnesia {unknown}
 v - a scroll of enchant armour {unknown}
 B - a scroll of noise {unknown}
 F - a scroll of magic mapping {unknown}
 I - a scroll of acquirement {unknown}
Potions
 d - 2 potions of flight
 g - 2 potions of degeneration
 l - a potion of magic
 n - a potion of attraction
 w - a potion of haste {unknown}
 C - a potion of brilliance {unknown}
 D - a potion of might {unknown}
 H - a potion of cancellation {unknown}


   Skills:
 + Level 10.0 Fighting
 - Level 3.2 Maces & Flails
 + Level 0.0 Armour
 + Level 3.0 Dodging
 - Level 2.5 Stealth


You had 6 spell levels left.
You didn't know any spells.
Your spell library contained the following spells:

 Spells                   Type           Power      Damage    Failure   Level
 Necrotise                Necr           0%         1d4       100%        1
 Cigotuvi's Dreadful Rot  Necr/Pois/Air  0%         N/A       100%        2
 Dispel Undead            Necr           0%         3d6       100%        4
 Death Channel            Necr           0%         N/A       100%        6


Dungeon Overview and Level Annotations

Branches:
Dungeon (4/15)
 Temple: D:4-7

Altars:
Ashenzari
Kikubaaqudgha
Sif Muna
Trog
Vehumet
Zin

Shops:
D:1 :[

Annotations:
D:3 1 runed translucent door, plokij's ghost, amateur MiFi


Message History

The orc throws a poisoned dart.
The poisoned dart hits you!
You are poisoned.
You closely miss something.
You feel less confused.
You feel very sick. Something hits you but does no damage.
The orc throws a poisoned dart.
The poisoned dart hits you!
You are more poisoned.
Something hits you.
You barely miss something.
You feel very sick.
The orc hits you from afar with a +2 vorpal glaive!
* * * LOW HITPOINT WARNING * * *
x2
Okay, then.
Okay, then.
You are confused.
You feel invigorated.
You feel sick. Something hits you but does no damage.
The orc closely misses you.
You bump into the stone wall.
You feel very sick.
You hear some strange, mumbled words.
A magic dart appears from out of thin air!
The magic dart hits you!
* * * LOW HITPOINT WARNING * * *
The orc hits you from afar with a +2 vorpal glaive.
* * * LOW HITPOINT WARNING * * *
x2 You completely miss something.
You feel sick. Something hits you.
* * * LOW HITPOINT WARNING * * *
The orc hits you from afar with a +2 vorpal glaive.
* * * LOW HITPOINT WARNING * * *
x2 You feel sick.
Something hits you but does no damage.
You feel less invigorated.
You feel less confused.
You feel sick.
The orc hits you from afar with a +2 vorpal glaive.
* * * LOW HITPOINT WARNING * * *
x2 You feel sick.
Something hits you but does no damage.
The orc hits you with a +2 vorpal glaive!
* * * LOW HITPOINT WARNING * * *
You die...

#.##...###..#.#......#.#.##.....#
.#.##..#..###.#........#.##.....#
..#.#####..#..#.................#
#..#.##..###.##.................#
.#..#.##..#...#...##............#
#.#..#..###.#.#.####.#.........##
##.#.....#..###.####.#.##......#
##.#..###....#......#......####
##.#..#..##.#.@######..#...####
##..##...###o## ###...#.#....#
##.'..#..[#)####....##.#....#
##########......##.##.#....#
###.........##>#......##
........................#
....#....###..##........# ...
#..#####...###......# .
#.#8##...##8##..###.#


You could see an orc.

Vanquished Creatures
  Pikel (D:4)
  A centaur (D:4)
  A hound (D:4)
  Terence (D:2)
  6 adders
  A white imp (D:4)
  3 worms
  A dart slug (D:4)
  7 orcs
  3 endoplasms
  A giant cockroach (D:2)
  9 goblins
  6 hobgoblins
  2 jackals (D:2)
  7 kobolds
  2 quokkas
  11 ball pythons
  3 bats
  2 frilled lizards
  6 rats
74 creatures vanquished.

Notes
Turn   | Place    | Note
-------+----------+-------------------------------------------
     0 | D:1      | themarg the Hill Orc Monk began the quest for the Orb.
     0 | D:1      | Reached XP level 1. HP: 19/19 MP: 1/1
   131 | D:1      | Found Azogry's Book Shop.
   248 | D:1      | Reached XP level 2. HP: 27/27 MP: 2/2
   450 | D:1      | Reached skill level 4 in Fighting
   601 | D:1      | Found Jeudach's Antique Armour Boutique.
   877 | D:2      | Identified the +4 ring mail of Divine Intervention {rElec}
   901 | D:2      | Reached XP level 3. HP: 32/33 MP: 3/3
  1296 | D:2      | Reached XP level 4. HP: 41/41 MP: 4/4
  1396 | D:2      | Noticed Terence
  1408 | D:2      | Killed Terence
  1409 | D:2      | Reached skill level 5 in Fighting
  1881 | D:3      | Found a runed translucent door.
  1886 | D:3      | Noticed plokij's ghost (amateur MiFi)
  1887 | D:3      | Noticed a scorpion
  2313 | D:3      | Found a bloodstained altar of Trog.
  2315 | D:3      | Found a broken altar of Ashenzari.
  2319 | D:3      | Found a glowing silver altar of Zin.
  2447 | D:3      | Reached XP level 5. HP: 48/48 MP: 5/5
  2584 | D:4      | Noticed a centaur
  2597 | D:4      | Killed a centaur
  2598 | D:4      | Reached skill level 6 in Fighting
  2673 | D:4      | Noticed a lemure
  2673 | D:4      | Noticed a lemure
  2673 | D:4      | Noticed a lemure
  2674 | D:4      | Noticed Pikel
  2694 | D:4      | Noticed a lemure
  2721 | D:4      | Killed Pikel
  2722 | D:4      | Reached skill level 9 in Fighting
  2722 | D:4      | Reached XP level 6. HP: 52/66 MP: 6/6
  2722 | D:4      | Reached XP level 7. HP: 57/71 MP: 7/7
  2821 | D:4      | Found a radiant altar of Vehumet.
  2825 | D:4      | Found an ancient bone altar of Kikubaaqudgha.
  2844 | D:4      | Found a shimmering blue altar of Sif Muna.
  2850 | D:4      | Got Kikubaaqudgha's Monograph on the Mausoleum
  2962 | D:4      | Reached skill level 10 in Fighting
  2977 | D:4      | HP: 1/72 [orc/+2 vorpal glaive (13)]
  2977 | D:4      | Slain by an orc

Illustrated notes

Levels and vault maps discovered:
D:1:      nzn_arrival_crosshair, layout_loops_ring, serial_shops, shop,
          nicolae_shop_hallway_stairs, chequers_serial_rivers_small_3
D:2:      layout_loops_ring, uniq_terence
D:3:      layout_rooms, grunt_temple_overflow_diamond,
          ebering_ghost_inner_flame, chequers_decorated_corner
D:4:      minmay_razor_zed, layout_rooms, grunt_temple_overflow_magic_moments,
          minmay_temple_entry_glassed_door, uniq_pikel

Skill      XL: |  1  2  3  4  5  6  7 |
---------------+----------------------+-----
Stealth        | 2 |  2.5
Fighting       | 4 5 9 10 | 10.0
Dodging        | 3 |  3.0
Maces & Flails | |  3.2

Action                   |  1- 3 |  4- 6 |  7- 9 || total
-------------------------+-------+-------+-------++-------
Melee: Mace              |   122 |       |       ||   122
       Morningstar       |    14 |   119 |    50 ||   183
       Punch             |       |     6 |       ||     6
  Use: Scroll            |       |     5 |     1 ||     6
       Potion            |       |     2 |     1 ||     3
 Stab: Sleeping          |     2 |       |       ||     2
Armor: Robe              |     6 |       |       ||     6
       Ring mail         |    32 |       |       ||    32
       Chain mail        |    12 |    87 |    37 ||   136
Dodge: Dodged            |    89 |    46 |    28 ||   163

Table legend: (Time is in decaauts)
 A = Elapsed time spent in this place.
 B = Non-inter-level travel time spent in this place.
 C = Inter-level travel time spent in this place.
 D = Time resting spent in this place.
 E = Time spent auto-exploring this place.
 F = Levels seen in this place.
 G = Mean time per level.
                   A        B        C        D        E       F      G
               +--------+--------+--------+--------+--------+-----+--------+
         Total |   3069 |   2996 |     73 |    206 |   2045 |   4 |  767.2 |
       Dungeon |   3069 |   2996 |     73 |    206 |   2045 |   4 |  767.2 |
               +--------+--------+--------+--------+--------+-----+--------+

Top non-repeatable levels by time:
     D:2: 1034 daAuts
     D:1: 827 daAuts
     D:3: 641 daAuts
     D:4: 566 daAuts
